[Event "9th HDBank Open 2019"]
[Site "Ho Chi Minh City"]
[Date "2019.03.09"]
[Round "4.18"]
[White "Xu, Minghui"]
[Black "Pascua, Haridas"]
[Result "1-0"]
[ECO "A40"]
[WhiteElo "2293"]
[BlackElo "2446"]
[Annotator "ChessBase"]
[PlyCount "59"]
[EventDate "2019.03.07"]
[EventType "swiss"]
[EventCountry "VIE"]
[SourceTitle "playchess.com"]
[Source "ChessBase"]
[SourceQuality "1"]
[TimeControl "5400+30"]

1. d4 Nf6 2. c4 e6 3. g3 Bb4+ 4. Bd2 Qe7 5. Bg2 O-O 6. Nc3 d5 7. Nf3 dxc4 8. O-O c5 9. a3 cxd4 10. axb4 dxc3 11. Bxc3 Rd8 12. Qc2 Nd5 13. Rfd1 Bd7 14. Qe4 Nc6 15. b5 Ncb4 16. Qxc4 Nxc3 17. bxc3 Nd5 18. Qb3 Qc5 19. c4 Nb6 20. Nd2 Qc7 21. Rac1 Be8 22. c5 Nd5 23. Ne4 b6 24. Nd6 bxc5 25. Bxd5 exd5 26. Qxd5 Rac8 27. Qf5 g6 28. Qf4 Rb8 29. Rd5 Bxb5 30. Nxb5 1-0

[Event "9th HDBank Open 2019"]
[Site "Ho Chi Minh City"]
[Date "2019.03.09"]
[Round "4.19"]
[White "Taher, Yoseph Theolifus"]
[Black "Saravana, Krishnan P."]
[Result "0-1"]
[ECO "A06"]
[WhiteElo "2446"]
[BlackElo "2352"]
[Annotator "ChessBase"]
[PlyCount "96"]
[EventDate "2019.03.07"]
[EventType "swiss"]
[EventCountry "VIE"]
[SourceTitle "playchess.com"]
[Source "ChessBase"]
[SourceQuality "1"]
[TimeControl "5400+30"]

1. Nf3 d5 2. g3 g6 3. Bg2 Bg7 4. O-O e5 5. d3 Ne7 6. e4 O-O 7. Nc3 d4 8. Ne2 c5 9. Nd2 Nbc6 10. f4 f6 11. Nf3 Be6 12. fxe5 Nxe5 13. Nf4 Bf7 14. Nxe5 fxe5 15. Nh3 h6 16. Bd2 Qd7 17. Nf2 Be6 18. Qe2 Kh7 19. h3 Ng8 20. Kh2 b5 21. Bf3 Rf6 22. Bg4 Raf8 23. Kg2 Qf7 24. b3 c4 25. Bxe6 Qxe6 26. Bb4 Rc8 27. Ng4 Rf7 28. Rxf7 Qxf7 29. Rf1 Qc7 30. Rf2 a5 31. Bd2 cxb3 32. cxb3 Qa7 33. Qe1 b4 34. h4 Rc7 35. Qe2 Qa6 36. Qf3 Qe6 37. Nh2 Rc2 38. Be1 Rc1 39. Re2 Nf6 40. g4 h5 41. gxh5 Nxh5 42. Bd2 Ra1 43. Bg5 Bf6 44. Ng4 Bxg5 45. hxg5 Nf4+ 46. Kh2 Qc8 47. Kg3 Rg1+ 48. Kh4 Rxg4+ 0-1

[Event "9th HDBank Open 2019"]
[Site "Ho Chi Minh City"]
[Date "2019.03.09"]
[Round "4.20"]
[White "Bao, Khoa"]
[Black "Liu, Guanchu"]
[Result "1/2-1/2"]
[ECO "E44"]
[WhiteElo "2277"]
[BlackElo "2445"]
[Annotator "ChessBase"]
[PlyCount "84"]
[EventDate "2019.03.07"]
[EventType "swiss"]
[EventCountry "VIE"]
[SourceTitle "playchess.com"]
[Source "ChessBase"]
[SourceQuality "1"]
[TimeControl "5400+30"]

1. d4 e6 2. c4 Nf6 3. Nc3 Bb4 4. e3 b6 5. Nge2 Bb7 6. a3 Bd6 7. Qd3 c5 8. d5 exd5 9. cxd5 Ba6 10. Qf5 O-O 11. g4 g6 12. Qf3 Be5 13. Nf4 d6 14. Bd2 Bxf1 15. Kxf1 Nbd7 16. g5 Ne8 17. h4 Ng7 18. Qg4 Qe8 19. Nfe2 Nh5 20. Rh3 Qc8 21. Kg2 Bg7 22. f4 f5 23. Qf3 Qa6 24. Ng3 Nxg3 25. Kxg3 Qd3 26. Rh2 Ne5 27. Qe2 Qxe2 28. Rxe2 Nc4 29. Be1 Rfe8 30. Kf3 b5 31. b3 Nb6 32. Rd1 a6 33. Nb1 a5 34. Bc3 b4 35. Bxg7 Kxg7 36. Rd3 Rac8 37. Nd2 Re7 38. Re1 bxa3 39. Ra1 a4 40. Rxa3 axb3 41. Rdxb3 Nxd5 42. Nc4 Nb4 1/2-1/2

[Event "9th HDBank Open 2019"]
[Site "Ho Chi Minh City"]
[Date "2019.03.09"]
[Round "4.21"]
[White "Chen, Qi B"]
[Black "Miciano, John Marvin"]
[Result "1/2-1/2"]
[ECO "C42"]
[WhiteElo "2443"]
[BlackElo "2317"]
[Annotator "ChessBase"]
[PlyCount "69"]
[EventDate "2019.03.07"]
[EventType "swiss"]
[EventCountry "VIE"]
[SourceTitle "playchess.com"]
[Source "ChessBase"]
[SourceQuality "1"]
[TimeControl "5400+30"]

1. e4 e5 2. Nf3 Nf6 3. Nxe5 d6 4. Nf3 Nxe4 5. d4 d5 6. Bd3 Bd6 7. O-O O-O 8. c4 c6 9. Nc3 Nxc3 10. bxc3 dxc4 11. Bxc4 Bf5 12. Ne5 Bxe5 13. dxe5 Qa5 14. Qf3 Be6 15. Bd3 Qxe5 16. Bf4 Qf6 17. Qe4 Qh4 18. Rfb1 Nd7 19. Bd6 Qxe4 20. Bxe4 Rfd8 21. Bc7 Rdc8 22. Rxb7 Nc5 23. Bxc6 Nxb7 24. Bxb7 Rxc7 25. Bxa8 Rxc3 26. a4 a5 27. Kf1 Kf8 28. Bf3 Ke7 29. Bd1 Bb3 30. Bxb3 Rxb3 31. Re1+ Kd6 32. Rd1+ Ke6 33. Re1+ Kd6 34. Rd1+ Ke6 35. Re1+ {[%emt 0:00:04] Ke5} 1/2-1/2

[Event "9th HDBank Open 2019"]
[Site "Ho Chi Minh City"]
[Date "2019.03.09"]
[Round "4.22"]
[White "Tokhirjonova, Gulrukhbegim"]
[Black "Tran, Minh Thang"]
[Result "1/2-1/2"]
[ECO "B41"]
[WhiteElo "2434"]
[BlackElo "2343"]
[Annotator "ChessBase"]
[PlyCount "72"]
[EventDate "2019.03.07"]
[EventType "swiss"]
[EventCountry "VIE"]
[SourceTitle "playchess.com"]
[Source "ChessBase"]
[SourceQuality "1"]
[TimeControl "5400+30"]

1. e4 c5 2. Nf3 e6 3. d4 cxd4 4. Nxd4 a6 5. c4 Nf6 6. Nc3 Bb4 7. Qd3 O-O 8. e5 Ne8 9. Be2 d6 10. exd6 Nxd6 11. O-O Nd7 12. Qg3 Bc5 13. Bg5 Qe8 14. Rad1 Kh8 15. Nb3 Nf5 16. Qh3 Be7 17. Bf4 Nc5 18. Nxc5 Bxc5 19. Ne4 e5 20. Nxc5 exf4 21. Bg4 Ne3 22. Bxc8 Nxd1 23. Bf5 g6 24. Nd7 Nxf2 25. Qc3+ f6 26. Nxf8 Qxf8 27. Rxf2 gxf5 28. Rxf4 Qc5+ 29. Kf1 Rf8 30. Qd3 Qe5 31. Rxf5 Qxb2 32. Rh5 Qc1+ 33. Kf2 Qf4+ 34. Kg1 Qc1+ 35. Qf1 Qxf1+ 36. Kxf1 Rc8 1/2-1/2

[Event "9th HDBank Open 2019"]
[Site "Ho Chi Minh City"]
[Date "2019.03.09"]
[Round "4.23"]
[White "Le, Huu Thai"]
[Black "Zhao, Yuanhe"]
[Result "1/2-1/2"]
[ECO "B48"]
[WhiteElo "2265"]
[BlackElo "2431"]
[Annotator "ChessBase"]
[PlyCount "100"]
[EventDate "2019.03.07"]
[EventType "swiss"]
[EventCountry "VIE"]
[SourceTitle "playchess.com"]
[Source "ChessBase"]
[SourceQuality "1"]
[TimeControl "5400+30"]

1. e4 c5 2. Nf3 e6 3. d4 cxd4 4. Nxd4 Nc6 5. Nc3 Qc7 6. Be3 a6 7. Bd3 b5 8. a3 Bb7 9. O-O Nf6 10. Qe2 Be7 11. f4 d6 12. Qf3 O-O 13. Qh3 Nxd4 14. Bxd4 e5 15. Be3 Qc8 16. Qf3 Ng4 17. Bd2 exf4 18. Qxf4 Ne5 19. Ne2 Bf6 20. Bc3 Qc5+ 21. Kh1 Ng6 22. Qd2 Bxc3 23. Nxc3 Rae8 24. Rf5 Re5 25. Raf1 Bc6 26. Ne2 Qa7 27. Ng3 Qb7 28. Qc3 f6 29. Qd4 Ne7 30. R5f2 Rd8 31. Kg1 Qa8 32. Rf4 d5 33. exd5 Rdxd5 34. Qf2 Rd6 35. Nf5 Nxf5 36. Rxf5 Rde6 37. h3 h6 38. Qg3 Rxf5 39. Rxf5 Be4 40. Rc5 Bxd3 41. cxd3 Qa7 42. d4 Qd7 43. Qc3 Re4 44. d5 Re5 45. Qc2 f5 46. Qd2 Kh7 47. b4 Qd6 48. Rc6 Qxd5 49. Qxd5 Rxd5 50. Rxa6 Rd3 1/2-1/2

[Event "9th HDBank Open 2019"]
[Site "Ho Chi Minh City"]
[Date "2019.03.09"]
[Round "4.24"]
[White "Nguyen, Thi Thanh An"]
[Black "Liu, Xiangyi"]
[Result "1/2-1/2"]
[ECO "D83"]
[WhiteElo "2245"]
[BlackElo "2427"]
[Annotator "ChessBase"]
[PlyCount "22"]
[EventDate "2019.03.07"]
[EventType "swiss"]
[EventCountry "VIE"]
[SourceTitle "playchess.com"]
[Source "ChessBase"]
[SourceQuality "1"]
[TimeControl "5400+30"]

1. d4 Nf6 2. c4 g6 3. Nc3 d5 4. Bf4 Bg7 5. e3 O-O 6. Rc1 c6 7. Nf3 Be6 8. Ng5 Bc8 9. Nf3 Be6 10. Ng5 Bc8 11. Nf3 Be6 1/2-1/2

[Event "9th HDBank Open 2019"]
[Site "Ho Chi Minh City"]
[Date "2019.03.09"]
[Round "4.25"]
[White "Gu, Tianlu"]
[Black "Bulmaga, Irina"]
[Result "0-1"]
[ECO "B13"]
[WhiteElo "2195"]
[BlackElo "2424"]
[Annotator "ChessBase"]
[PlyCount "72"]
[EventDate "2019.03.07"]
[EventType "swiss"]
[EventCountry "VIE"]
[SourceTitle "playchess.com"]
[Source "ChessBase"]
[SourceQuality "1"]
[TimeControl "5400+30"]

1. e4 c6 2. d4 d5 3. exd5 cxd5 4. Bd3 Nc6 5. c3 Nf6 6. Na3 a6 7. Bf4 Bg4 8. Qd2 e6 9. Nc2 Bd6 10. f3 Bh5 11. Ne2 Bg6 12. O-O Bxd3 13. Qxd3 O-O 14. Bxd6 Qxd6 15. Qd2 Na5 16. b3 Rac8 17. c4 b6 18. c5 Qd8 19. Qd3 bxc5 20. dxc5 Qe7 21. b4 Nc6 22. Kh1 a5 23. a3 e5 24. Nc3 e4 25. fxe4 dxe4 26. Qe3 Qe5 27. Rf4 Rcd8 28. Re1 axb4 29. axb4 Rfe8 30. Rxf6 Qxf6 31. Nxe4 Qb2 32. Re2 Nxb4 33. Nxb4 Rd1+ 34. Re1 Rxe1+ 35. Qxe1 Rxe4 36. Qd1 Qd4 0-1

[Event "9th HDBank Open 2019"]
[Site "Ho Chi Minh City"]
[Date "2019.03.09"]
[Round "4.26"]
[White "Tu, Hoang Thong"]
[Black "Pranesh, M."]
[Result "1-0"]
[ECO "C00"]
[WhiteElo "2416"]
[BlackElo "2309"]
[Annotator "ChessBase"]
[PlyCount "97"]
[EventDate "2019.03.07"]
[EventType "swiss"]
[EventCountry "VIE"]
[SourceTitle "playchess.com"]
[Source "ChessBase"]
[SourceQuality "1"]
[TimeControl "5400+30"]

1. e4 e6 2. Nf3 d5 3. e5 c5 4. c3 Nc6 5. Na3 Nb8 6. Nb1 Nc6 7. Na3 d4 8. Bd3 Nge7 9. Be4 Ng6 10. Bxc6+ bxc6 11. Qa4 Qd5 12. O-O Bb7 13. Nc4 Nf4 14. d3 Nxd3 15. Rd1 Nxc1 16. Raxc1 d3 17. Ne1 Qd8 18. Nxd3 Qc7 19. Qa3 Be7 20. Nd6+ Bxd6 21. exd6 Qxd6 22. Nxc5 Qe7 23. Rd7 Qg5 24. Rcd1 O-O 25. Nxb7 h5 26. Qc5 Qg4 27. h3 Qg6 28. Qxc6 Rac8 29. Qf3 Rc4 30. Qd3 Re4 31. Nc5 Re5 32. Qxg6 fxg6 33. b4 Re2 34. Rd8 Re1+ 35. Rxe1 Rxd8 36. Rxe6 Rd2 37. Ra6 Rc2 38. Ne4 Re2 39. f3 Kh7 40. h4 Rxe4 41. fxe4 g5 42. hxg5 h4 43. b5 h3 44. gxh3 g6 45. Rxa7+ Kg8 46. Rc7 Kf8 47. b6 Ke8 48. b7 Kd8 49. b8=Q# 1-0

[Event "9th HDBank Open 2019"]
[Site "Ho Chi Minh City"]
[Date "2019.03.09"]
[Round "4.27"]
[White "Nandhidhaa, P V"]
[Black "Le, Quang Long"]
[Result "1/2-1/2"]
[ECO "B13"]
[WhiteElo "2240"]
[BlackElo "2412"]
[Annotator "ChessBase"]
[PlyCount "134"]
[EventDate "2019.03.07"]
[EventType "swiss"]
[EventCountry "VIE"]
[SourceTitle "playchess.com"]
[Source "ChessBase"]
[SourceQuality "1"]
[TimeControl "5400+30"]

1. e4 c6 2. d4 d5 3. exd5 cxd5 4. Bd3 Nc6 5. c3 Nf6 6. h3 g6 7. Nf3 Bf5 8. Be2 Qc7 9. O-O Bg7 10. Re1 O-O 11. Be3 a6 12. Qc1 Rfc8 13. Bf4 Qd8 14. Qe3 b5 15. Ne5 Nd7 16. Nxc6 Rxc6 17. Nd2 Nb6 18. Nb3 Na4 19. g4 Be6 20. Rab1 Qb6 21. a3 Rac8 22. Be5 f6 23. Bg3 Re8 24. Bf3 Bf7 25. Qd2 Qd8 26. Rbd1 e5 27. dxe5 fxe5 28. Nc1 Nb6 29. Nd3 e4 30. Nb4 Rc8 31. Bg2 a5 32. Nc2 Nc4 33. Qc1 Qf6 34. Re2 Ne5 35. Bxe5 Qxe5 36. Qe3 h5 37. gxh5 Qxh5 38. Nd4 b4 39. axb4 axb4 40. Ra1 bxc3 41. bxc3 Re5 42. Rea2 Bh6 43. Qg3 Rg5 44. Ra8 Rf8 45. Rxf8+ Bxf8 46. Qf4 Qh6 47. Kf1 Rh5 48. Qxh6 Bxh6 49. Ra8+ Kg7 50. Ra7 Bd2 51. c4 dxc4 52. Bxe4 Kf6 53. Nf3 Bf4 54. Ra6+ Kg7 55. h4 Rc5 56. Rc6 Rxc6 57. Bxc6 c3 58. Nd4 Bc4+ 59. Ke1 Be5 60. Nf3 Bf6 61. Be4 Bb3 62. Ke2 Kh6 63. Kd3 Kh5 64. Ne1 Bf7 65. Nf3 Kg4 66. Nd4 Bxh4 67. f3+ Kg3 1/2-1/2

[Event "9th HDBank Open 2019"]
[Site "Ho Chi Minh City"]
[Date "2019.03.09"]
[Round "4.28"]
[White "Tong, Thai Hung"]
[Black "Nitin, S.."]
[Result "0-1"]
[ECO "B54"]
[WhiteElo "2185"]
[BlackElo "2408"]
[Annotator "ChessBase"]
[PlyCount "79"]
[EventDate "2019.03.07"]
[EventType "swiss"]
[EventCountry "VIE"]
[SourceTitle "playchess.com"]
[Source "ChessBase"]
[SourceQuality "1"]
[TimeControl "5400+30"]

1. e4 c5 2. Nf3 d6 3. d4 cxd4 4. Nxd4 Nf6 5. f3 e5 6. Nb3 Be6 7. c4 a5 8. Be3 a4 9. N3d2 Qa5 10. Nc3 Nbd7 11. Rc1 Be7 12. Bd3 O-O 13. O-O Bd8 14. Rf2 Bb6 15. Nf1 Rfc8 16. Nb5 Rc6 17. Rfc2 Bxe3+ 18. Nxe3 Qb6 19. Qd2 Nc5 20. Na3 Na6 21. c5 Nxc5 22. Bb5 Rc7 23. Bc4 Rac8 24. Kh1 h6 25. Bxe6 Nxe6 26. Rxc7 Rxc7 27. Rxc7 Qxc7 28. Nb5 Qc5 29. Nxd6 b5 30. a3 g6 31. h3 Nd4 32. Nb7 Qa7 33. Na5 Nh5 34. Kh2 Nf4 35. Ng4 Nde2 36. Ne3 Qc7 37. Nd5 Qc5 38. Qe3 Qc2 39. Nc6 Ng3 40. Nf6+ 0-1

[Event "9th HDBank Open 2019"]
[Site "Ho Chi Minh City"]
[Date "2019.03.09"]
[Round "4.29"]
[White "Zou, Chen"]
[Black "Gandhi, Anish"]
[Result "1-0"]
[ECO "B90"]
[WhiteElo "2397"]
[BlackElo "2156"]
[Annotator "NA"]
[PlyCount "119"]
[EventDate "2019.03.07"]
[EventType "swiss"]
[EventCountry "VIE"]
[SourceTitle "playchess.com"]
[Source "ChessBase"]
[SourceQuality "1"]
[TimeControl "5400+30"]

1. e4 c5 2. Nf3 d6 3. d4 cxd4 4. Nxd4 Nf6 5. Nc3 a6 6. f3 e5 7. Nb3 Be6 8. Be3 h5 9. Qd2 Nbd7 10. Nd5 Bxd5 11. exd5 g6 12. Be2 Bg7 13. O-O b6 14. c4 O-O 15. Rac1 a5 16. Na1 Nc5 17. Nc2 h4 18. Bg5 h3 19. g4 Qd7 20. Bh6 Nh7 21. Bxg7 Kxg7 22. Ne3 Qe7 23. Kh1 Rae8 24. Rg1 Ng5 25. Rg3 Kh7 26. Rcg1 Rg8 27. Qc1 Rg7 28. Nd1 Qf6 29. Nf2 Rh8 30. Nxh3 Nxh3 31. Rxh3+ Kg8 32. Rxh8+ Kxh8 33. Kg2 Rh7 34. Rh1 Kg7 35. g5 Qf5 36. h4 Rh8 37. Kg3 Re8 38. h5 gxh5 39. Rxh5 Rh8 40. Rxh8 Kxh8 41. a3 a4 42. Bd1 Nd3 43. Bc2 e4 44. Qe3 Qe5+ 45. Kg4 Qxb2 46. Bxd3 exd3 47. Qxd3 Qb3 48. Qf5 Qxc4+ 49. Kh5 Kg8 50. g6 Qc7 51. Qe4 fxg6+ 52. Qxg6+ Kf8 53. Qh6+ Kg8 54. Qg6+ Kf8 55. Qh6+ Kg8 56. Qg5+ Kf8 57. Kh6 Qd7 58. f4 Qe7 59. Qxe7+ Kxe7 60. Kg7 1-0

[Event "9th HDBank Open 2019"]
[Site "Ho Chi Minh City"]
[Date "2019.03.10"]
[Round "6.30"]
[White "Nandhidhaa, P V"]
[Black "Navalgund, Niranjan"]
[Result "*"]
[WhiteElo "2240"]
[BlackElo "2378"]
[Annotator "NA"]
[PlyCount "48"]
[EventDate "2019.03.07"]
[EventType "swiss"]
[EventCountry "VIE"]
[SourceTitle "playchess.com"]
[Source "ChessBase"]
[SourceQuality "1"]
[TimeControl "5400+30"]

1. Nf3 Nf6 2. g3 b6 3. Bg2 Bb7 4. O-O e6 5. d3 c5 6. e4 d6 7. Nh4 Nc6 8. f4 Be7 9. Be3 Qc7 10. Nd2 O-O-O 11. c3 Ba6 12. Qe2 Kb8 13. Rfc1 d5 14. e5 Ne8 15. Nhf3 f6 16. b4 fxe5 17. bxc5 bxc5 18. Nxe5 Nd6 19. Nxc6+ Qxc6 20. c4 Nb7 21. Rab1 Ka8 22. f5 exf5 23. cxd5 Rxd5 24. Nc4 Rhd8 *

[Event "9th HDBank Open 2019"]
[Site "Ho Chi Minh City"]
[Date "2019.03.11"]
[Round "7.28"]
[White "Miciano, John Marvin"]
[Black "Zou, Chen"]
[Result "1-0"]
[ECO "E09"]
[WhiteElo "2317"]
[BlackElo "2397"]
[Annotator "ChessBase"]
[PlyCount "177"]
[EventDate "2019.03.07"]
[EventType "swiss"]
[EventCountry "VIE"]
[SourceTitle "playchess.com"]
[Source "ChessBase"]
[SourceQuality "1"]
[TimeControl "5400+30"]

1. d4 Nf6 2. c4 e6 3. g3 d5 4. Bg2 Bb4+ 5. Bd2 Be7 6. Nf3 O-O 7. O-O c6 8. Qc2 Nbd7 9. Bf4 Nh5 10. Bc1 Nhf6 11. Nbd2 b6 12. e4 Bb7 13. e5 Ne8 14. cxd5 cxd5 15. Re1 Rc8 16. Qa4 Nc7 17. Bf1 Qe8 18. Qd1 Nb8 19. Bd3 Nc6 20. Nb3 a5 21. Bg5 a4 22. Bxe7 Qxe7 23. Nc1 f6 24. Bf1 Qf7 25. Nd3 a3 26. Qd2 Ba6 27. bxa3 Kh8 28. Rab1 Na5 29. exf6 gxf6 30. Qb4 Nc4 31. Nf4 Rb8 32. Nd2 Nxd2 33. Qxd2 Bxf1 34. Kxf1 Rfe8 35. Rbc1 e5 36. dxe5 fxe5 37. Nd3 Qg7 38. Qc3 Re7 39. Rxe5 Rf7 40. Rg5 Qxc3 41. Rxc3 Nb5 42. Rc1 Rd8 43. Nf4 Nc7 44. Rd1 d4 45. Re5 Rfd7 46. Kg2 Ra8 47. Rd3 Na6 48. Rd5 Rxd5 49. Nxd5 Rd8 50. Nxb6 Nc5 51. Rd1 Kg7 52. Nc4 Kf6 53. Nd2 Ke5 54. Nb3 Na4 55. Re1+ Kf5 56. Kf3 Nc3 57. Re7 h5 58. Rc7 Ke5 59. Rc5+ Nd5 60. Ke2 Ra8 61. Ra5 Rd8 62. Kd3 h4 63. f4+ Kf5 64. Nxd4+ Kg4 65. Ra6 hxg3 66. hxg3 Kxg3 67. f5 Nc7 68. Ra5 Kf4 69. a4 Kg5 70. Kc4 Kf6 71. Rc5 Ne8 72. Rc6+ Ke7 73. a5 Nd6+ 74. Kb4 Kd7 75. Rc5 Rf8 76. Rd5 Ke7 77. a6 Nc8 78. Nc6+ Kf6 79. Kc5 Rf7 80. Kb4 Rc7 81. Rc5 Nb6 82. Nd4 Rd7 83. Rc6+ Ke7 84. f6+ Kf7 85. Rxb6 Rxd4+ 86. Kb5 Rd5+ 87. Kc6 Rd4 88. a7 Ra4 89. Kb7 1-0

[Event "9th HDBank Open 2019"]
[Site "Ho Chi Minh City"]
[Date "2019.03.12"]
[Round "8.27"]
[White "Dang, Hoang Son"]
[Black "Vo, Thanh Ninh"]
[Result "0-1"]
[ECO "C00"]
[WhiteElo "2385"]
[BlackElo "2358"]
[Annotator "NA"]
[PlyCount "140"]
[EventDate "2019.03.07"]
[EventType "swiss"]
[EventCountry "VIE"]
[SourceTitle "playchess.com"]
[Source "ChessBase"]
[SourceQuality "1"]
[TimeControl "5400+30"]

1. e4 e6 2. d3 d5 3. Nd2 Nf6 4. Ngf3 b6 5. e5 Nfd7 6. d4 c5 {[%emt 0:00:42] LiveBook: 51 Games} 7. c3 Ba6 {[%emt 0:04:19] C00: French: Unusual White 2nd moves} (7... Be7 8. Bb5 Ba6 9. a4 cxd4 10. cxd4 Qc8 11. Qe2 Qb7 12. O-O Bxb5 13. axb5 a6 14. Ne1 axb5 15. Rxa8 Qxa8 {½-½ (86) Andriasian,Z (2613)-Hou,Y (2590) Moscow 2010}) 8. a3 Bxf1 9. Nxf1 c4 10. Ng3 Nc6 $146 ({Predecessor:} 10... Be7 11. O-O Nc6 12. Be3 Qc7 13. Qc2 h6 {0-1 (43) Pokora,L (2009)-Boruvka,R Liberec 2006}) 11. O-O Na5 12. Be3 Nb3 13. Rb1 Be7 14. Nd2 Nxd2 15. Bxd2 g6 16. Bh6 Bf8 17. Bxf8 Kxf8 18. f4 Nb8 $2 {[%emt 0:01:28] [#]} (18... Qe7 $11 {and Black is okay.}) 19. Rf2 $2 (19. f5 $1 $18 exf5 {[#]} 20. Nxf5 $1 gxf5 21. Rxf5) 19... Nc6 20. Nf1 Ne7 21. g4 h5 22. h3 Ke8 23. Ne3 hxg4 24. hxg4 Rh3 25. Rh2 Rxe3 (25... Rxh2 $14 26. Kxh2 b5) 26. Rh8+ $2 (26. Qa4+ $18 Kf8 27. Kf2) 26... Kd7 27. Rxd8+ Rxd8 28. Kg2 Rh8 29. Qa4+ Nc6 30. Rh1 Rxh1 31. Kxh1 Re1+ 32. Kh2 Re2+ {[%emt 0:00:03] Double Attack} 33. Kg3 Rxb2 34. Qd1 Rb3 35. Qd2 Rxa3 36. Kh4 b5 37. Kg5 Ra6 38. Kf6 Nd8 39. Qb2 Rb6 40. Qb4 Rb7 41. Kg7 Ke8 $1 42. Kg8 Rb6 43. Qc5 b4 44. cxb4 Rc6 $2 (44... Rb7 $11) 45. Qf8+ Kd7 46. b5 Rc7 47. Qd6+ Kc8 48. Qa6+ {[%emt 0:00:18] [#]} Kb8 $1 49. b6 axb6 50. Qxb6+ {[%emt 0:00:06] [#]} Nb7 $1 51. Qb2 c3 52. Qc2 Na5 53. Kf8 Ka7 54. Ke8 Kb6 55. Qb1+ Ka6 56. Qc2 $19 {[%emt 0:00:28] [#]} Kb5 $1 57. Kd8 Rc4 58. Kd7 Nc6 59. f5 gxf5 60. gxf5 Nb4 61. Qc1 c2 62. fxe6 fxe6 63. Kxe6 Nd3 64. Qa3 Nf4+ 65. Kf5 c1=Q 66. Qa7 Qe3 67. Qb7+ Ka4 68. Qa6+ Kb3 69. Kf6 Qxd4 70. Qd6 Nd3 0-1

[Event "9th HDBank Open 2019"]
[Site "Ho Chi Minh City"]
[Date "2019.03.12"]
[Round "8.28"]
[White "Sukandar, Irine Kharisma"]
[Black "Tran, Minh Thang"]
[Result "1-0"]
[ECO "B40"]
[WhiteElo "2381"]
[BlackElo "2343"]
[Annotator "NA"]
[PlyCount "63"]
[EventDate "2019.03.07"]
[EventType "swiss"]
[EventCountry "VIE"]
[SourceTitle "playchess.com"]
[Source "ChessBase"]
[SourceQuality "1"]
[TimeControl "5400+30"]

1. e4 c5 2. Nf3 e6 3. c4 Nc6 4. Nc3 Nf6 5. Be2 Be7 6. O-O e5 7. d3 h6 {[%emt 0:00:08] A34: Symmetrical English: 2 Nc3, lines with ...d5} (7... O-O 8. a3 d6 9. Rb1 {½-½ (9) Oratovsky,M (2486)-Vazquez Igarza,R (2596) San Sebastian 2015}) 8. a3 $146 ({Predecessor:} 8. Be3 O-O 9. Nd2 d6 10. f4 Nd4 11. h3 a6 12. f5 Bd7 13. g4 Nh7 14. Bxd4 exd4 15. Nd5 {½-½ (42) Rosenhain,R (1647)-Spangenberg,R (1788) Germany 2014}) 8... O-O 9. Rb1 b6 10. Nd5 d6 11. b4 Bg4 (11... Bd7 $11) 12. Nxe5 $1 Bxe2 $2 (12... Nxe5 $16 {is a better defense.} 13. Nxf6+ Bxf6) 13. Nxc6 Bxd1 14. Ndxe7+ Kh7 15. Nxd8 Bc2 16. Rb2 Bxd3 17. Rd1 Bxc4 18. Ndc6 Nxe4 19. f3 Nc3 20. Rxd6 Ne2+ {[%emt 0:05:17] [#]} 21. Kh1 $1 ({Weaker is} 21. Rxe2 Bxe2 22. bxc5 bxc5 $16) 21... cxb4 22. Rxb4 b5 23. Be3 a5 24. Rb1 Rfe8 25. Bd2 b4 26. axb4 a4 27. Nd5 a3 (27... Re6 $142) 28. Nc7 $18 a2 29. Ra1 Ra3 30. Nxe8 Rb3 31. Be1 Nf4 32. Na5 1-0

[Event "9th HDBank Open 2019"]
[Site "Ho Chi Minh City"]
[Date "2019.03.13"]
[Round "9.28"]
[White "Nitin, S.."]
[Black "Nguyen, Thi Thanh An"]
[Result "1-0"]
[ECO "B90"]
[WhiteElo "2408"]
[BlackElo "2245"]
[Annotator "RC"]
[PlyCount "75"]
[EventDate "2019.03.07"]
[EventType "swiss"]
[EventCountry "VIE"]
[SourceTitle "playchess.com"]
[Source "ChessBase"]
[SourceQuality "1"]
[TimeControl "5400+30"]

1. e4 c5 2. Nf3 d6 3. d4 cxd4 4. Nxd4 Nf6 5. Nc3 a6 6. Be3 g6 7. f3 Bg7 8. Qd2 h5 9. O-O-O Nbd7 10. Kb1 b5 11. g3 Bb7 12. h3 Qc7 13. Nb3 Rc8 14. Bd3 Ne5 15. Qf2 Nc4 16. Bxc4 bxc4 17. Bb6 Qb8 18. Nc1 Bc6 19. Bd4 Qb7 20. g4 e5 21. Be3 Rb8 22. b3 O-O 23. Rxd6 Rfc8 24. Rhd1 hxg4 25. hxg4 a5 26. Qh4 Ne8 27. R6d2 Qb4 28. Rh2 cxb3 29. axb3 Qxc3 30. Bh6 f6 31. Bxg7 Nxg7 32. Qxf6 Rf8 33. Qxg6 Be8 34. Qh7+ Kf7 35. Rh5 Rb6 36. Rg5 Rg8 37. Rf5+ Ke7 38. Qh4+ 1-0